 Dungeon Crawl Stone Soup version 0.23-a0-650-ga4d50d4 (webtiles) character file.

28 Borgoz the Cutter (level 3, 0/24 HPs)
             Began as a Kobold Berserker on Jan 2, 2019.
             Was a Follower of Trog.
             Slain by a leopard gecko (4 damage)
             ... on level 2 of the Dungeon.
             The game lasted 00:02:48 (795 turns).

Borgoz the Cutter (Kobold Berserker)                 Turns: 795, Time: 00:02:49

Health: 0/24       AC:  2    Str: 14    XL:     3   Next: 30%
Magic:  3/3        EV: 15    Int:  8    God:    Trog [*.....]
Gold:   16         SH:  0    Dex: 15    Spells: 2/2 levels left

rFire    . . .     SeeInvis .   a - +0 short sword
rCold    . . .     Gourm    .   (shield restricted)
rNeg     . . .     Faith    .   b - +0 animal skin
rPois    .         Spirit   .   (no helmet)
rElec    .         Reflect  .   (no cloak)
rCorr    .         Harm     .   (no gloves)
MR       .....                  (no boots)
Stlth    ..........             (no amulet)
HPRegen  0.08/turn              d - ring of attention (curse)
MPRegen  0.08/turn              (no ring)

@: lethally poisoned (0 -> -4)
A: small, carnivore
a: Berserk, Renounce Religion


You were on level 2 of the Dungeon.
You worshipped Trog.
Trog was aware of your devotion.
You were very full.

You visited 1 branch of the dungeon, and saw 2 of its levels.

You collected 16 gold pieces.

Inventory:

Hand Weapons
 a - a +0 short sword (weapon)
Armour
 b - a +0 animal skin (worn)
Jewellery
 d - a cursed ring of attention (left hand)
Scrolls
 e - a scroll of teleportation {unknown}
 g - a scroll of fear
 h - 2 scrolls of remove curse {unknown}
 i - 2 scrolls of magic mapping {unknown}
 k - a scroll of identify
Potions
 f - a potion of cancellation
 j - a potion of ambrosia
 l - a potion of heal wounds {unknown}
Comestibles
 c - 2 rations


   Skills:
 + Level 3.9 Fighting
 + Level 4.6 Short Blades
 + Level 1.6 Armour
 + Level 2.8 Dodging


You had 2 spell levels left.
You didn't know any spells.
Your spell library was empty.

Dungeon Overview and Level Annotations

Branches:
Dungeon (2/15)

Altars:


Innate Abilities, Weirdness & Mutations

You are small and have problems with some larger weapons.
You are carnivorous and can eat meat at any time.


Message History

You hit the adder.
You kill the adder!
Trog accepts your kill.
You have reached level 3!
Your experience leads to an increase in your attributes!
Increase (S)trength, (I)ntelligence, or (D)exterity?
You feel agile.
You hit the kobold.
You kill the kobold!
Trog accepts your kill.
You feel sick.
You hit the leopard gecko.
The leopard gecko is heavily wounded.
The leopard gecko bites you.
* * * LOW HITPOINT WARNING * * *
You miss the leopard gecko.
The leopard gecko is heavily wounded.
* * * LOW HITPOINT WARNING * * *
You feel sick. The leopard gecko bites you.
You die...

####.### .. #.#
.....#.. !# #.#
#.##.#.# .# #.#
#.##.#.# ..#.# #.##.#.#
.#.#########.##.#.#
..........#.##.#.#
#.######......†..# #%.
#.#@# #.....#.###
#..###.#l### #.....#.#
......#...# #..####.#
b..#.###.# #..# #.#
#....K..# #..# #.#
#...##l.# #..# #.#
#..#...##..####..####.#
......................#
.........(.....).######


You could see a leopard gecko.

Vanquished Creatures
  An adder (D:2)
  A dart slug (D:1)
  2 bats
  2 giant cockroaches
  2 hobgoblins (D:1)
  4 jackals (D:1)
  2 frilled lizards (D:1)
  2 kobolds
16 creatures vanquished.

Notes
Turn   | Place    | Note
-------+----------+-------------------------------------------
     0 | D:1      | Borgoz the Kobold Berserker began the quest for the Orb.
     0 | D:1      | Reached XP level 1. HP: 14/14 MP: 1/1
   119 | D:1      | Reached XP level 2. HP: 11/19 MP: 2/2
   792 | D:2      | Reached XP level 3. HP: 9/24 MP: 3/3
   795 | D:2      | Slain by a leopard gecko

Vault maps used:
D:1:      dpeg_arrival_central, serial_rivers, chequers_serial_rivers_room_a,
          chequers_serial_rivers_micro_c, chequers_serial_rivers_micro_b,
          chequers_serial_rivers_small_3, chequers_serial_rivers_small_a,
          chequers_serial_rivers_marsh
D:2:      ashenzari_altar_1, nicolae_overflow_hidden_temple

Action                   || total
-------------------------++-------
Melee: Short sword       ||    88
  Use: Scroll            ||     3
  Eat: Chunk             ||     7
Armor: Animal skin       ||    14
Dodge: Dodged            ||    89

Table legend:
 A = Non-vault XP
 B = Vault XP
 C = Vault XP percentage of total XP
 D = Non-vault monster count
 E = Vault monster count
 F = Vault count percentage of total count
                 A         B        C        D         E       F
            +---------+---------+-------+---------+---------+-------
      Total |      41 |       0 |   0.0 |      16 |       0 |   0.0
            +---------+---------+-------+---------+---------+-------
        D:1 |      23 |       0 |   0.0 |      12 |       0 |   0.0
        D:2 |      18 |       0 |   0.0 |       4 |       0 |   0.0
            +---------+---------+-------+---------+---------+-------
